 Dungeon Crawl Stone Soup version 0.30-a0-802-gb92711bcdf (webtiles) character file.

Game seed: 6865964313660042470

46 Demosthentine the Poker (level 3, -2/28 HPs)
             Began as a Demonspawn Gladiator on Feb 25, 2023.
             Killed from afar by an orc wizard (7 damage)
             ... with a magic dart
             ... on level 2 of the Dungeon.
             The game lasted 00:01:07 (1131 turns).

Demosthentine the Poker (Demonspawn Gladiator)      Turns: 1131, Time: 00:01:08

Health: -2/28      AC:  6    Str: 14    XL:     3   Next: 44%
Magic:  3/3        EV: 12    Int:  9    God:
Gold:   11         SH:  0    Dex: 16    Spells: 2/2 levels left

rFire   . . .      SeeInvis .    a - +0 trident
rCold   . . .      Faith    .    (no shield)
rNeg    . . .      Spirit   .    b - +0 leather armour
rPois   .          Reflect  .    j - +2 helmet
rElec   .          Harm     .    (no cloak)
rCorr   .          Rampage  .    (no gloves)
Will    .....                    (no boots)
Stlth   +                        (no amulet)
HPRegen 0.24/turn                (no ring)
MPRegen 0.08/turn                (no ring)

@: confused
A: demonic magic 1
a: no special abilities


You were on level 2 of the Dungeon.
You visited 1 branch of the dungeon, and saw 2 of its levels.

You collected 11 gold pieces.

Inventory:

Hand Weapons
 a - a +0 trident (weapon)
Missiles
 d - 3 throwing nets (quivered)
 e - a javelin
Armour
 b - a +0 leather armour (worn)
 j - a +2 helmet (worn)
Scrolls
 f - a scroll of identify
 g - 2 scrolls of enchant armour
 h - a scroll of fog
Potions
 c - a potion of might {unknown}
 i - 2 potions of curing


   Skills:
 + Level 2.6 Fighting
 + Level 3.1 Polearms
 - Level 1.7 Throwing
 + Level 1.2 Armour
 + Level 3.1 Dodging


You had 2 spell levels left.
You didn't know any spells.
Your spell library was empty.

Dungeon Overview and Level Annotations

Branches:
Dungeon (2/15)

Altars:


Innate Abilities, Weirdness & Mutations

Spells you cast may paralyse adjacent enemies.


Message History

You kill the orc!
The orc wizard shouts! x2
The orc wizard casts a spell.
The orc wizard flickers and vanishes!
Deactivating autopickup; reactivate with Ctrl-A.
The orc priest barely misses you.
You barely miss the orc priest.
The orc priest mumbles some strange prayers to Beogh against you.
Pain shoots through your body! The orc hits you with a +0 club.
You are too injured to fight recklessly!
You are too injured to fight recklessly!
Unknown command.
The orc priest attacks as you move away!
The orc priest hits you with a +0 club.
You hit the orc priest.
The orc priest is moderately wounded.
The orc priest hits you but does no damage.
The orc wizard casts a spell.
The orc wizard flickers and vanishes!
Something hits you but does no damage. The orc misses you.
The orc priest mumbles some strange prayers to Beogh against you.
You barely resist. Something hits you but does no damage.
The orc priest barely misses you.
Found a stone staircase leading down.
The orc priest begins to cast a cantrip, but forgets the words!
An endoplasm comes into view.
Found an escape hatch in the floor.
You hear some strange, mumbled words.
You are confused.
You bump into the rock wall.
You're too confused to move!
Something hits you.
* * * LOW HITPOINT WARNING * * *
You bump into the rock wall.
Something hits you.
* * * LOW HITPOINT WARNING * * *
There is a stone staircase leading down here.
You bump into the rock wall.
You hear some strange, mumbled words.
A magic dart appears from out of thin air!
The magic dart hits you!
You die...

###.#oo.........#
....#oo......... #
###.#oo.... .....# # ..#
..#...#.o#.##### #.#.#
...............
#.#..#########.# #
##..........)# #
###.###.#.#.#######.## #
..#.###.#.#oo{@J.....#
###.#.##..#.#.#######>..
..#.#.##.##.#.#
#.#.#.##.##.#.#
#..†........#.#
###.#......>..#
#.####......# #.#
######.# #.# ..


You could see 2 orc priests and an endoplasm.

Vanquished Creatures
  An adder (D:2)
  An orc (D:2)
  4 ball pythons
  4 bats
  3 endoplasms
  A giant cockroach (D:1)
  2 goblins
  2 hobgoblins
  5 kobolds
  4 quokkas (D:1)
  A frilled lizard (D:1)
  A rat (D:1)
29 creatures vanquished.

Notes
Turn   | Place    | Note
-------+----------+-------------------------------------------
     0 | D:1      | Demosthentine the Demonspawn Gladiator began the quest for
                  | the Orb.
     0 | D:1      | Reached XP level 1. HP: 16/16 MP: 1/1
   324 | D:1      | Gained mutation: Spells you cast may paralyse adjacent
                  | enemies. [demonic ancestry]
   324 | D:1      | Reached XP level 2. HP: 15/22 MP: 2/2
   949 | D:2      | Reached skill level 1 in Armour
  1044 | D:2      | Reached XP level 3. HP: 22/28 MP: 3/3
  1131 | D:2      | Killed from afar by an orc wizard

Illustrated notes

Levels and vault maps discovered:
D:1:      psy_arrival_radial02, layout_loops_ring, chequers_serial_rivers_marsh
D:2:      cheibrodos_pilgrimage, layout_loops_ring

Skill      XL: |  1  2 |
---------------+-------+-----
Polearms       | 3 |  3.1
Armour         | 1 |  1.2
Dodging        | 3 |  3.1
Fighting       | |  2.6
Throwing       | |  1.7

Action                     || total
---------------------------++-------
  Melee: Trident           ||   119
    Use: Scroll            ||     4
   Stab: Sleeping          ||     1
 Armour: Leather armour    ||    43
  Dodge: Dodged            ||    76

Table legend: (Time is in decaauts)
 A = Elapsed time spent in this place.
 B = Non-inter-level travel time spent in this place.
 C = Inter-level travel time spent in this place.
 D = Time resting spent in this place.
 E = Time spent auto-exploring this place.
 F = Levels seen in this place.
 G = Mean time per level.
                   A        B        C        D        E       F      G
               +--------+--------+--------+--------+--------+-----+--------+
         Total |   1150 |   1121 |     29 |      0 |    847 |   2 |  575.0 |
       Dungeon |   1150 |   1121 |     29 |      0 |    847 |   2 |  575.0 |
               +--------+--------+--------+--------+--------+-----+--------+

Top non-repeatable levels by time:
     D:1: 893 daAuts
     D:2: 256 daAuts
